 Dungeon Crawl Stone Soup version 0.25-a0-668-gea548f19b6 (webtiles) character file.

Game seed: 14758728222337288261, levelgen mode: deterministic

51 sanka the Charmwright (level 3, -1/15 HPs)
             Began as a Felid Wanderer on Mar 28, 2020.
             Slain by an adder (2 damage)
             ... on level 2 of the Dungeon.
             The game lasted 00:03:32 (2270 turns).

sanka the Charmwright (Felid Wanderer)              Turns: 2270, Time: 00:03:33

Health: -1/15      AC:  1    Str:  8    XL:     3   Next: 58%
Magic:  5/5        EV: 16    Int: 16    God:
Gold:   31         SH:  0    Dex: 15    Spells: 4/4 levels left
                                        Lives:  0   Deaths: 0

rFire    . . .     SeeInvis +     - Unarmed
rCold    . . .     Gourm    .   (shield unavailable)
rNeg     . . .     Faith    .   (armour unavailable)
rPois    .         Spirit   .   (helmet unavailable)
rElec    .         Reflect  .   (cloak unavailable)
rCorr    .         Harm     .   (gloves unavailable)
MR       .....                  (boots unavailable)
Stlth    +++.......             (no amulet)
HPRegen  0.05/turn              f - +2 ring of intelligence
MPRegen  0.09/turn              (no ring)

@: lethally poisoned (-1 -> -4), quick
A: very small, no armour, no weapons or thrown items, stealth, claws 1, fangs 3,
see invisible, carnivore, speed 1, shaggy fur 1, slow metabolism 1, sharp paws
a: no special abilities


You were on level 2 of the Dungeon.
You were completely stuffed.

You visited 1 branch of the dungeon, and saw 2 of its levels.

You collected 31 gold pieces.


Innate Abilities, Weirdness & Mutations

You cannot wear armour.
You are incapable of wielding weapons or throwing items.
Your paws allow you to move quietly. (Stealth)
You have sharp claws.
You have razor-sharp teeth.
You have supernaturally acute eyesight. (SInv)
You are carnivorous and can eat meat at any time.
You cover ground quickly.
You are covered in fur. (AC +1)
You have a slow metabolism.
Your sharp claws are effective at attacking unaware monsters.


   Skills:
 - Level 1.0 Fighting
 - Level 1.3 Dodging
 - Level 2.6 Stealth
 + Level 3.3 Unarmed Combat
 - Level 1.0 Spellcasting
   Level 1.0 Conjurations
   Level 3.6 Charms
 - Level 1.1 Evocations


You had 4 spell levels left.
You didn't know any spells.
Your spell library was empty.

Inventory:

Missiles
 l - 24 stones
Jewellery
 f - a +2 ring of intelligence (left paw)
Scrolls
 e - 3 scrolls of noise {unknown}
 g - a scroll of random uselessness {unknown}
 i - a scroll of identify {unknown}
 n - a scroll of remove curse {unknown}
Potions
 b - 2 potions of curing {@q1}
 d - a potion of flight {unknown}
 h - a potion of heal wounds {unknown}
 k - a potion of lignification {unknown}
 m - a potion of magic {unknown}
 o - a potion of resistance {unknown}
Miscellaneous
 a - a fan of gales
Comestibles
 c - a ration
 j - a chunk of flesh

Dungeon Overview and Level Annotations

Branches:
Dungeon (2/15)

Altars:

▒.▒ ▒.▒
▒.▒ ▒.▒
▒.▒▒▒▒
▒....▒
▒▒▒▒.▒
▒.▒▒▒▒.▒
▒h.....▒
▒S.......
▒▒.▒▒▒▒▒▒
.▒ .▒ .▒
.▒ .▒


You could see an adder.


Message History

You miss the adder.
The adder is heavily wounded.
The adder barely misses you. The adder barely misses you.
Unknown command.
Unknown command.
You scratch the adder.
The adder is severely wounded.
The adder closely misses you.
Unknown command.
You scratch the adder but do no damage. You bite the adder, but do no damage.
The adder is severely wounded.
The adder barely misses you.
Unknown command.
You miss the adder.
The adder is severely wounded.
You feel sick. The adder barely misses you.
Unknown command.
You scratch the adder. Your bite misses the adder.
The adder is almost dead.
The adder closely misses you.
You miss the adder.
The adder is almost dead.
The adder bites you.
* * * LOW HITPOINT WARNING * * *
The adder bites you.
You die...

Action                   || total
-------------------------++-------
Melee: Unarmed           ||   174
       Bite              ||     9
  Use: Potion            ||     1
 Stab: Sleeping          ||     4
  Eat: Chunk             ||    10
Armor: Skin              ||    15
Dodge: Dodged            ||   138

Levels and vault maps discovered:
D:1:      matt_arrival_refuge, layout_basic
D:2:      layout_loops_ring

Notes
Turn   | Place    | Note
-------+----------+-------------------------------------------
     0 | D:1      | sanka the Felid Wanderer began the quest for the Orb.
     0 | D:1      | sanka set off with the following items: a fan of gales, a
                  | potion of curing {@q1}, a ration
     0 | D:1      | Reached XP level 1. HP: 9/9 MP: 3/3
    67 | D:1      | Reached skill level 1 in Unarmed Combat
   235 | D:1      | Reached XP level 2. HP: 5/12 MP: 4/4
   505 | D:1      | Reached skill level 2 in Unarmed Combat
  1037 | D:1      | Reached XP level 3. HP: 5/15 MP: 5/5
  1887 | D:2      | Reached skill level 3 in Unarmed Combat
  2270 | D:2      | HP: 1/15 [adder (4)]
  2270 | D:2      | Slain by an adder

Vanquished Creatures
  3 dart slugs (D:1)
  4 leopard geckos
  6 bats
  A giant cockroach (D:1)
  3 hobgoblins (D:2)
  3 jackals (D:1)
  7 kobolds
  3 frilled lizards
  5 goblins
  3 rats (D:1)
38 creatures vanquished.
